 Dungeon Crawl Stone Soup version 0.28-a0-724-g66f9036eb4 (webtiles) character file.

Game seed: 15626773530965206590

731 HilariousDeathArtist the Grave Robber (level 7, -8/51 HPs)
             Began as a Gnoll Necromancer on Oct 26, 2021.
             Was a Priest of Ignis.
             Killed by divine providence
             ... invoked by an orc priest
              (12 damage)
             ... on level 5 of the Dungeon.
             The game lasted 00:07:15 (6413 turns).

HilariousDeathArtist the Grave Robber (GnNe)        Turns: 6413, Time: 00:07:16

Health: -8/51      AC:  5    Str:  9    XL:     7   Next: 73%
Magic:  15/15      EV: 14    Int: 14    God:    Ignis [***...]
Gold:   202        SH:  0    Dex: 13    Spells: 9/17 levels left

rFire   + . .      SeeInvis .   a - +1 dagger (elec)
rCold   . . .      Faith    .   (no shield)
rNeg    . . .      Spirit   .   k - +0 robe
rPois   .          Reflect  .   l - +1 helmet
rElec   .          Harm     .   (no cloak)
rCorr   .          Rampage  .   (no gloves)
Will    .....                   y - +0 pair of boots
Stlth   +++.......              (no amulet)
HPRegen 0.17/turn               (no ring)
MPRegen 0.14/turn               (no ring)

@: no status effects
A: fangs 1, strong nose, distributed training
a: Renounce Religion, Sea of Fire, Foxfire Swarm, Rising Flame


You were on level 5 of the Dungeon.
You worshipped Ignis.
Ignis was most pleased with you.
You visited 1 branch of the dungeon, and saw 5 of its levels.

You collected 202 gold pieces.

Inventory:

Hand Weapons
 a - a +1 dagger of electrocution (weapon)
   (You took it off a kobold on level 2 of the Dungeon)
 b - a +2 dagger of draining
   (You took it off a goblin on level 3 of the Dungeon)
 c - a +0 mace
   (You found it on level 1 of the Dungeon)
 r - a +3 flail of holy wrath
   (You took it off Edmund on level 4 of the Dungeon)
Missiles
 j - 15 poisoned darts
 p - 33 arrows
 s - 67 stones
 u - a boomerang
 x - 25 bolts
Armour
 g - a +2 scale mail of cold resistance
   (You found it on level 1 of the Dungeon)
 k - a +0 robe (worn)
 l - a +1 helmet (worn)
   (You found it on level 2 of the Dungeon)
 w - a +0 buckler
   (You found it on level 4 of the Dungeon)
 y - a +0 pair of boots (worn)
   (You found it on level 1 of the Dungeon)
Wands
 h - a wand of acid (6)
   (You found it on level 4 of the Dungeon)
 i - a wand of iceblast (1)
   (You took it off Ijyb on level 4 of the Dungeon)
 q - a wand of flame (12)
   (You found it on level 5 of the Dungeon)
Potions
 n - a potion of heal wounds {unknown}
 z - a potion of ambrosia {unknown}
 M - a potion of might
 P - 2 potions of lignification {!q}


   Skills:
 + Level 2.6 Fighting
 + Level 2.6 Short Blades
 + Level 2.6 Long Blades
 + Level 2.6 Axes
 + Level 2.6 Maces & Flails
 + Level 2.6 Polearms
 + Level 2.6 Staves
 + Level 2.6 Slings
 + Level 2.6 Bows
 + Level 2.6 Crossbows
 + Level 2.6 Throwing
 + Level 2.6 Armour
 + Level 5.3 Dodging
 + Level 5.0 Stealth
 + Level 2.6 Shields
 + Level 2.6 Unarmed Combat
 + Level 5.7 Spellcasting
 + Level 2.1 Conjurations
 + Level 2.1 Hexes
 + Level 2.1 Summonings
 + Level 7.4 Necromancy
 + Level 2.1 Translocations
 + Level 2.1 Transmutations
 + Level 2.1 Fire Magic
 + Level 2.1 Ice Magic
 + Level 2.1 Air Magic
 + Level 2.1 Earth Magic
 + Level 2.1 Poison Magic
 + Level 3.0 Invocations
 + Level 2.6 Evocations


You had 9 spell levels left.
You knew the following spells:

 Your Spells              Type           Power      Damage    Failure   Level
a - Pain                  Necr           96%        1d8       1%          1
x - Vampiric Draining     Necr           12%        2d7       2%          3
A - Animate Dead          Necr           12%        N/A       8%          4

Your spell library contained the following spells:

 Spells                   Type           Power      Damage    Failure   Level
 Animate Skeleton         Necr           48%        N/A       1%          1
 Sting                    Tmut/Pois      40%        1d5       7%          1
 Poisonous Vapours        Pois/Air       20%        N/A       10%         2
 Agony                    Necr           24%        N/A       21%         5
 Olgreb's Toxic Radiance  Pois           10%        N/A       54%         4


Dungeon Overview and Level Annotations

Branches:
Dungeon (5/15)
 Temple: D:4-7

Altars:
Gozag
Hepliaklqana
Ignis


Innate Abilities, Weirdness & Mutations

You have very sharp teeth.
Your uncanny sense of smell can sniff out nearby items.
Your experience applies equally to all skills.


Message History

An orc priest comes into view. It is wielding a +0 club.
You take 24 damage, and have 27/51 hp.
MASSIVE DAMAGE!!
Unknown command.
As you read the scroll labelled PEGUJOOST, it crumbles to dust.
The orc priest shouts!
Magic quickly surges around you.
It was a scroll of vulnerability.
There is a stone staircase leading up here.
Blink to where?
As you read the scroll labelled QEIPAU IGES, it crumbles to dust.
It was a scroll of blinking.
As you read the scroll labelled RERASM ZOSAPSE, it crumbles to dust.
It is a scroll of amnesia.
Really abort (and waste the scroll)? [Y]es or [N]o only, please.
Really abort (and waste the scroll)? [Y]es or [N]o only, please.
Really abort (and waste the scroll)?
Okay, then.
d - a scroll labelled UROESU XYTIULIEDUA
As you read the scroll labelled UROESU XYTIULIEDUA, it crumbles to dust.
It is a scroll of identify.
e - a potion of might;
M - a potion of might You start resting.
An orc priest is nearby!
An orc priest is nearby!
An orc priest is nearby!
An orc priest is nearby!
The orc priest calls upon Beogh to heal something.
Found a hand axe.
Found a stone staircase leading down.
q - a wand of flame (17)
You start resting.
You feel your willpower return.
You start resting.
An orc is nearby!
You regained 2 hp, and now have 35/51 hp.
Aim: an orc, wielding a +0 dagger and wearing a +0 leather armour (wandering, hasn't noticed you, 71% to hit)
The puff of flame hits the orc!
You kill the orc!
An orc wizard comes into view. It is wielding a +0 dagger.
The orc wizard shouts!
Aim: an orc wizard, wielding a +0 dagger and wearing a +0 robe (64% to hit)
The puff of flame hits the orc wizard.
That beam is likely to hit you.
Continue anyway? [Y]es or [N]o only, please.
That beam is likely to hit you.
Continue anyway?
Okay, then.
Aim: an orc wizard, wielding a +0 dagger and wearing a +0 robe (moderately wounded, 64% to hit)
The puff of flame hits the orc wizard.
Aim: an orc wizard, wielding a +0 dagger and wearing a +0 robe (severely wounded, 64% to hit)
The puff of flame misses the orc wizard.
Aim: an orc wizard, wielding a +0 dagger and wearing a +0 robe (severely wounded, 64% to hit)
The puff of flame misses the orc wizard.
The orc wizard gestures at you while chanting.
The magic dart hits you.
You take 1 damage, and have 35/51 hp.
The orc wizard points at you and mumbles some strange words.
The puff of flame hits you. You resist.
You take 2 damage, and have 33/51 hp.
The orc wizard barely misses you.
You closely miss the orc wizard. The orc wizard closely misses you.
You hit the orc wizard.
Lightning courses through the orc wizard!!
You kill the orc wizard!
Your Invocations skill increases to level 3!
No target in view!
No target in view!
You start resting.
An orc priest is nearby!
An orc priest is nearby!
The orc priest shouts!
The orc priest writhes in agony.
The orc priest invokes the aid of Beogh against you.
Beogh smites you!
You take 14 damage, and have 20/51 hp.
MASSIVE DAMAGE!!
You now have 14/15 mp.
You are too injured to fight recklessly!
You are too injured to fight recklessly!
The orc priest closely misses you.
Things that are here:
a +0 dagger; a +0 robe You are too injured to fight recklessly!
You hit the orc priest. Your bite misses the orc priest.
The orc priest barely misses you.
You closely miss the orc priest. You punch the orc priest.
You bite the orc priest, but do no damage.
The orc priest closely misses you.
You closely miss the orc priest. The orc priest hits you with a +0 club.
You take 3 damage, and have 18/51 hp.
You hit the orc priest but do no damage.
The orc priest invokes the aid of Beogh against you.
Beogh smites you!
* * * LOW HITPOINT WARNING * * *
You take 14 damage, and have 4/51 hp.
MASSIVE DAMAGE!!
The mass of ice explodes!
The iceblast engulfs the orc priest!
The orc priest calls down the wrath of Beogh upon you.
Beogh smites you!
You die...

................#....#....,,,,*
.......#..#.....#....#....,,,,*
................#.........,,,,*
#+#..#......#..##.≈≈.....#*,,****
.........^.....##...≈....#*,,**,*
.....................≈≈≈≈.,,,,,,,
.....#......#.............,,,,,,,
.........)..........#.....,,,,,,,
...#...#..#..$##@..##*...#*,,,,,*
...##........###o..###.,.#*******
o..#....................,,,,,,,,*
...#....#...............,,,,,,,,*
...#....#................,,,,,,,+
...#....#................,,,,,,,*
...#...,#................,,,,,,,*
.###*,**##.##+##....##...***,,,**
.#***+***#.**,*#.>).#*..,*****+**


You could see an orc priest.

Vanquished Creatures
  Edmund (D:4)
  2 ogres (D:4)
  3 orc priests (D:4)
  Ijyb (D:4)
  Terence (D:2)
  An iguana (D:4)
  3 orc wizards
  Natasha (D:3)
  Robin (D:3)
  3 gnolls (D:3)
  5 adders
  An adder skeleton (D:4)
  A worm (D:3)
  A dart slug (D:2)
  8 orcs
  A bat (D:2)
  3 giant cockroaches
  6 goblins
  4 hobgoblins
  7 jackals
  3 quokkas
  3 ball pythons (D:2)
  5 kobolds
  7 rats
72 creatures vanquished.

Vanquished Creatures (others)
  An orc wizard (D:4)
  68 foxfires
69 creatures vanquished.

Grand Total: 141 creatures vanquished

Notes
Turn   | Place    | Note
-------+----------+-------------------------------------------
     0 | D:1      | HilariousDeathArtist the Gnoll Necromancer began the quest
                  | for the Orb.
     0 | D:1      | Reached XP level 1. HP: 13/13 MP: 6/6
    36 | D:1      | Found an opulent altar of Gozag.
   304 | D:1      | Reached XP level 2. HP: 16/19 MP: 4/7
   532 | D:1      | Found a faded altar of an unknown god.
   572 | D:1      | Prayed at the altar of an unknown god.
   572 | D:1      | Became a worshipper of Ignis, the Dying Flame
  1023 | D:2      | Reached XP level 3. HP: 21/25 MP: 3/9
  1172 | D:2      | Reached skill level 5 in Spellcasting
  1232 | D:2      | Noticed Terence
  1356 | D:2      | Reached skill level 1 in Invocations
  1444 | D:2      | Reached skill level 1 in Fighting
  1444 | D:2      | Reached skill level 1 in Short Blades
  1444 | D:2      | Reached skill level 1 in Long Blades
  1444 | D:2      | Reached skill level 1 in Axes
  1444 | D:2      | Reached skill level 1 in Maces & Flails
  1444 | D:2      | Reached skill level 1 in Polearms
  1444 | D:2      | Reached skill level 1 in Staves
  1444 | D:2      | Reached skill level 1 in Slings
  1444 | D:2      | Reached skill level 1 in Bows
  1444 | D:2      | Reached skill level 1 in Crossbows
  1444 | D:2      | Reached skill level 1 in Throwing
  1444 | D:2      | Reached skill level 1 in Armour
  1444 | D:2      | Reached skill level 1 in Shields
  1444 | D:2      | Reached skill level 1 in Unarmed Combat
  1444 | D:2      | Reached skill level 1 in Evocations
  1692 | D:2      | HP: 4/26 [Terence (9)]
  1854 | D:2      | Killed Terence
  1855 | D:2      | Reached XP level 4. HP: 14/32 MP: 11/11
  2184 | D:2      | Learned a level 3 spell: Vampiric Draining
  2189 | D:2      | Learned a level 4 spell: Animate Dead
  2271 | D:3      | Reached skill level 1 in Conjurations
  2271 | D:3      | Reached skill level 1 in Hexes
  2271 | D:3      | Reached skill level 1 in Summonings
  2271 | D:3      | Reached skill level 1 in Translocations
  2271 | D:3      | Reached skill level 1 in Transmutations
  2271 | D:3      | Reached skill level 1 in Fire Magic
  2271 | D:3      | Reached skill level 1 in Ice Magic
  2271 | D:3      | Reached skill level 1 in Air Magic
  2271 | D:3      | Reached skill level 1 in Earth Magic
  2271 | D:3      | Reached skill level 1 in Poison Magic
  2611 | D:3      | Reached XP level 5. HP: 33/37 MP: 6/12
  2889 | D:3      | Noticed Natasha
  2896 | D:3      | Killed Natasha
  3076 | D:3      | Noticed Robin
  3099 | D:3      | Killed Robin
  3702 | D:3      | Found a hazy altar of Hepliaklqana.
  3743 | D:4      | Noticed Edmund
  3751 | D:4      | Killed Edmund
  3752 | D:4      | Reached skill level 5 in Dodging
  3752 | D:4      | Reached skill level 2 in Invocations
  3752 | D:4      | Reached XP level 6. HP: 41/44 MP: 11/14
  3923 | D:4      | Reached skill level 2 in Fighting
  3923 | D:4      | Reached skill level 2 in Short Blades
  3923 | D:4      | Reached skill level 2 in Long Blades
  3923 | D:4      | Reached skill level 2 in Axes
  3923 | D:4      | Reached skill level 2 in Maces & Flails
  3923 | D:4      | Reached skill level 2 in Polearms
  3923 | D:4      | Reached skill level 2 in Staves
  3923 | D:4      | Reached skill level 2 in Slings
  3923 | D:4      | Reached skill level 2 in Bows
  3923 | D:4      | Reached skill level 2 in Crossbows
  3923 | D:4      | Reached skill level 2 in Throwing
  3923 | D:4      | Reached skill level 2 in Armour
  3923 | D:4      | Reached skill level 2 in Shields
  3923 | D:4      | Reached skill level 2 in Unarmed Combat
  3923 | D:4      | Reached skill level 2 in Evocations
  4658 | D:4      | Noticed Ijyb
  4669 | D:4      | Killed Ijyb
  4670 | D:4      | Reached XP level 7. HP: 17/50 MP: 11/15
  5054 | D:4      | HP: 10/50 [orc priest/divine providence (12)]
  5059 | D:4      | HP: 12/51 [something (1)]
  5064 | D:4      | HP: 4/51 [something/magic dart (5)]
  5382 | D:4      | Reached skill level 2 in Conjurations
  5382 | D:4      | Reached skill level 2 in Hexes
  5382 | D:4      | Reached skill level 2 in Summonings
  5382 | D:4      | Reached skill level 2 in Translocations
  5382 | D:4      | Reached skill level 2 in Transmutations
  5382 | D:4      | Reached skill level 2 in Fire Magic
  5382 | D:4      | Reached skill level 2 in Ice Magic
  5382 | D:4      | Reached skill level 2 in Air Magic
  5382 | D:4      | Reached skill level 2 in Earth Magic
  5382 | D:4      | Reached skill level 2 in Poison Magic
  5640 | D:4      | Reached skill level 5 in Stealth
  6332 | D:5      | Entered Level 5 of the Dungeon
  6403 | D:5      | Reached skill level 3 in Invocations
  6412 | D:5      | HP: 4/51 [orc priest/divine providence (14)]
  6413 | D:5      | Killed from afar by an orc priest

Illustrated notes

Levels and vault maps discovered:
D:1:      sevenhm_arrival_forest_fort_small_6, layout_loops_ring,
          ebering_ecumenical_altar_petrified
D:2:      layout_basic, corexii_corridor_pit, uniq_terence
D:3:      layout_loops_ring, general_overflow_altar, uniq_robin, uniq_natasha
D:4:      layout_layer_cave, corexii_leaking_fountain, kennysheep_potato,
          uniq_ijyb, uniq_edmund
D:5:      layout_gridville, fedhas_altar_2, mainiacjoe_overflow_paths,
          kennysheep_crisscross, st_stairs_3, minmay_misc_feat_plants,
          chequers_serial_rivers_micro_c, serial_park_tiny_pond,
          kennysheep_generic_room_11

Skill      XL: |  1  2  3  4  5  6  7 |
---------------+----------------------+-----
Spellcasting   | 5 |  5.7
Invocations    | 1 2 3 |  3.0
Fighting       | 1 2 |  2.6
Short Blades   | 1 2 |  2.6
Long Blades    | 1 2 |  2.6
Axes           | 1 2 |  2.6
Maces & Flails | 1 2 |  2.6
Polearms       | 1 2 |  2.6
Staves         | 1 2 |  2.6
Slings         | 1 2 |  2.6
Bows           | 1 2 |  2.6
Crossbows      | 1 2 |  2.6
Throwing       | 1 2 |  2.6
Armour         | 1 2 |  2.6
Shields        | 1 2 |  2.6
Unarmed Combat | 1 2 |  2.6
Evocations     | 1 2 |  2.6
Conjurations   | 1 2 |  2.1
Hexes          | 1 2 |  2.1
Summonings     | 1 2 |  2.1
Translocations | 1 2 |  2.1
Transmutations | 1 2 |  2.1
Fire Magic     | 1 2 |  2.1
Ice Magic      | 1 2 |  2.1
Air Magic      | 1 2 |  2.1
Earth Magic    | 1 2 |  2.1
Poison Magic   | 1 2 |  2.1
Dodging        | 5 |  5.3
Stealth        | 5 |  5.0
Necromancy     | |  7.4

Action                   |  1- 3 |  4- 6 |  7- 9 || total
-------------------------+-------+-------+-------++-------
Melee: Mace              |     3 |       |       ||     3
       Dagger            |     6 |    61 |    28 ||    95
       Bite              |     1 |     6 |     3 ||    10
       Punch             |       |     1 |     1 ||     2
 Cast: Pain              |    43 |    51 |    28 ||   122
       Animate Dead      |       |     7 |     5 ||    12
       Vampiric Draining |       |       |     4 ||     4
Invok: Foxfire Swarm     |     1 |     3 |       ||     4
Evoke: Wand              |       |       |     8 ||     8
  Use: Scroll            |       |       |     7 ||     7
       Potion            |       |       |     1 ||     1
Armor: Robe              |     3 |    11 |     4 ||    18
Dodge: Dodged            |     9 |    30 |    17 ||    56

Table legend: (Time is in decaauts)
 A = Elapsed time spent in this place.
 B = Non-inter-level travel time spent in this place.
 C = Inter-level travel time spent in this place.
 D = Time resting spent in this place.
 E = Time spent auto-exploring this place.
 F = Levels seen in this place.
 G = Mean time per level.
                   A        B        C        D        E       F      G
               +--------+--------+--------+--------+--------+-----+--------+
         Total |   6406 |   6265 |    141 |   2069 |   3445 |   5 | 1281.2 |
       Dungeon |   6406 |   6265 |    141 |   2069 |   3445 |   5 | 1281.2 |
               +--------+--------+--------+--------+--------+-----+--------+

Top non-repeatable levels by time:
     D:4: 2584 daAuts
     D:3: 1505 daAuts
     D:2: 1331 daAuts
     D:1: 904 daAuts
     D:5: 80 daAuts

Table legend:
 A = Kills in this place as a percentage of kills in entire the game.
 B = Kills by you in this place as a percentage of kills by you in the entire game.
 C = Kills by friends in this place as a percentage of kills by friends in the entire game.
 D = Other kills in this place as a percentage of other kills in the entire game.
 E = Experience gained in this place as a percentage of experience gained in the entire game.
 F = Experience gained in this place divided by the number of levels of this place that you have seen.
                   A       B       C       D       E      F
               +-------+-------+-------+-------+-------+----------------------
         Total | 100.0 | 100.0 |   N/A | 100.0 | 100.0 | 209.0
       Dungeon | 100.0 | 100.0 |   N/A | 100.0 | 100.0 | 209.0
               +-------+-------+-------+-------+-------+----------------------
